 Dungeon Crawl Stone Soup version 0.20.1-1-g8b1a95d (webtiles) character file.

91 Linguinho the Skirmisher (level 4, 0/35 HPs)
             Began as a Demonspawn Fighter on Nov 11, 2017.
             Killed by divine providence
             ... invoked by an orc priest
              (12 damage)
             ... on level 3 of the Dungeon.
             The game lasted 00:02:27 (1663 turns).

Linguinho the Skirmisher (Demonspawn Fighter)       Turns: 1663, Time: 00:02:28

Health: 0/35       AC:  6    Str: 17    XL:     4   Next: 33%
Magic:  4/4        EV:  7    Int:  9    God:
Gold:   109        SH:  9    Dex: 13    Spells: 3/3 levels left

rFire    . . .     SeeInvis .   t - +1 dagger (venom)
rCold    + . .     Gourm    .   c - +0 shield
rNeg     . . .     Faith    .   b - +0 scale mail
rPois    .         Spirit   .   (no helmet)
rElec    .         Reflect  .   (no cloak)
rCorr    .         Harm     .   (no gloves)
MR       .....                  (no boots)
Stlth    ..........             (no amulet)
Regen    0.2/turn               (no ring)
MPRegen  0.1/turn               (no ring)

@: no status effects
A: hooves 1, cold resistance 1
a: no special abilities


You were on level 3 of the Dungeon.
You were not hungry.

You visited 1 branch of the dungeon, and saw 3 of its levels.

You collected 109 gold pieces.

Inventory:

Hand Weapons
 a - a +0 war axe
 t - a +1 dagger of venom (weapon)
Armour
 b - a +0 scale mail (worn)
 c - a +0 shield (worn)
Jewellery
 p - an uncursed ring of flight {unknown}
Scrolls
 e - 2 scrolls of remove curse {unknown}
 h - a scroll of fear {unknown}
 i - 4 scrolls of teleportation {unknown}
 k - 2 scrolls of identify {unknown}
 n - a scroll of noise {unknown}
 o - a scroll of immolation {unknown}
 v - a scroll of enchant weapon {unknown}
Potions
 d - a potion of might
 g - a potion of mutation {unknown}
 j - a potion of experience {unknown}
 l - a potion of ambrosia {unknown}
 m - 3 potions of agility {unknown}
 r - a potion of curing {unknown}
 s - a potion of lignification {unknown}
 u - a potion of heal wounds {unknown}
Comestibles
 f - 2 bread rations
 q - a royal jelly


   Skills:
 + Level 3.5 Fighting
 + Level 3.0 Axes
 + Level 3.0 Armour
 + Level 0.6 Dodging
 + Level 3.1 Shields


You had 3 spell levels left.
You didn't know any spells.

Dungeon Overview and Level Annotations

Branches:
Dungeon (3/15)

Altars:


Innate Abilities, Weirdness & Mutations

You have large cloven feet.
Your flesh is cold resistant. (rC+)


Message History

An orc comes into view. It is wielding a trident.
You closely miss the orc priest.
The orc priest mumbles some strange prayers to Beogh against you.
Pain shoots through your body!
You are too injured to fight recklessly!
You are too injured to fight recklessly!
You are too injured to fight recklessly!
You closely miss the orc priest. Your kick misses the orc priest.
You block the orc's attack.
The orc priest hits you with a morningstar.
You block the orc priest's attack.
You closely miss the orc priest. You block the orc's attack.
The orc priest hits you with a morningstar.
The orc hits you but does no damage. The orc barely misses you.
You hit the orc priest but do no damage.
The orc priest is poisoned.
You kick the orc priest, but do no damage.
The orc priest mumbles some strange prayers to Beogh against you.
Beogh smites you!
You die...

##..... .#
......###.#
#.#...#...
##.#...#.# #
........#.# .
#.#.......#
....##o#o...#
......oo@..%###
##.######.....#
#.>.#.## #
#....♣.###.#
#...........
####..♣...♣.#.#
..............#
........†<.....#
...............#


You could see an orc priest and 3 orcs.

Vanquished Creatures
  3 adders (D:2)
  An ooze (D:1)
  A worm (D:2)
  4 dart slugs
  A leopard gecko (D:1)
  A ball python (D:2)
  6 bats
  A bat zombie (D:1)
  A giant cockroach (D:2)
  8 goblins
  4 hobgoblins
  A quokka (D:3)
  A ball python zombie (D:1)
  3 frilled lizards (D:1)
  7 kobolds
  5 rats
48 creatures vanquished.

Notes
Turn   | Place    | Note
-------+----------+-------------------------------------------
     0 | D:1      | Linguinho the Demonspawn Fighter began the quest for the Orb.
     0 | D:1      | Reached XP level 1. HP: 18/18 MP: 1/1
   218 | D:1      | Gained mutation: You have large cloven feet. [demonic ancestry]
   218 | D:1      | Reached XP level 2. HP: 23/24 MP: 2/2
   404 | D:1      | Reached XP level 3. HP: 29/29 MP: 3/3
  1161 | D:2      | Gained mutation: Your flesh is cold resistant. (rC+) [demonic ancestry]
  1161 | D:2      | Reached XP level 4. HP: 26/35 MP: 4/4
  1663 | D:3      | Killed from afar by an orc priest

Skill      XL: |  1  2  3  4 |
---------------+-------------+-----
Axes           | 2 3 |  3.0
Shields        | 3 |  3.1
Armour         | 3 |  3.0
Fighting       | |  3.5
Dodging        | |  0.6

Action                   |  1- 3 |  4- 6 || total
-------------------------+-------+-------++-------
Melee: War axe           |    82 |    19 ||   101
       Kick              |    17 |     9 ||    26
       Dagger            |       |    15 ||    15
  Eat: Chunk             |       |     3 ||     3
Armor: Scale mail        |    48 |    10 ||    58
Dodge: Dodged            |    24 |    14 ||    38
Block: Shield            |    43 |    20 ||    63
